 Dungeon Crawl Stone Soup version 0.14-a0-1761-gdbd231b (webtiles) character file.

1336 Mitsuki the Covered (level 8, -9/70 HPs)
             Began as a Lava Orc Fighter on Jan 4, 2014.
             Was a Follower of Beogh.
             Killed by an exploding giant spore (15 damage)
             ... on Level 6 of the Dungeon.
             The game lasted 00:17:52 (4183 turns).

Mitsuki the Covered (Lava Orc Fighter)              Turns: 4183, Time: 00:17:53

HP  -9/70        AC 13     Str 21      XL: 8   Next:  4%
MP   8/8         EV  7     Int 10      God: Beogh [*.....]
Gold 296         SH  0     Dex 10      Spells:  0 memorised,  7 levels left

rFire  + + +     SeeInvis .     a - +1 orc trident
rCold  x . .     Clarity  .     b - +0 orc scale mail
rNeg   . . .     Conserve +     x - +0 shield (curse)
rPois  .         rCorr    .     (no helmet)
rElec  .         rRot     .     r - +2 elf cloak
SustAb . .       Spirit   .     (no gloves)
rMut   .         Warding  .     p - +0 pair of dwarf boots
Saprov + . .     Stasis   .     o - amulet of conservation
                                (no ring)
                                w - +2 ring of intelligence

@: invisible, confused, very slightly contaminated, drained, slightly resistant
to hostile enchantments, extremely unstealthy
A: conserve scrolls, fire resistance 1, saprovore 1
a: Renounce Religion


You were on level 6 of the Dungeon.
You worshipped Beogh.
Beogh was aware of your devotion.
You were not hungry.

You visited 1 branch of the dungeon, and saw 6 of its levels.

You collected 296 gold pieces.

Inventory:

Hand weapons
 a - a +1,+1 orcish trident (weapon)
Armour
 b - a +0 orcish scale mail (worn)
 c - a +0 orcish shield
 p - a +0 pair of dwarven boots (worn)
 r - a +2 elven cloak (worn)
 x - a cursed +0 shield (worn)
Magical devices
 s - a wand of teleportation (6)
Comestibles
 d - 2 meat rations
 h - an apricot
 j - 2 bread rations
 n - 2 rotting chunks of worm flesh
 q - a lychee
 v - 2 rotting chunks of iguana flesh
 z - a chunk of jackal flesh
 A - a rotting chunk of hobgoblin flesh
Scrolls
 e - 4 scrolls of identify
 f - a scroll of enchant weapon I
 i - 2 scrolls of remove curse
 k - a scroll of immolation
 u - a scroll of enchant weapon II
Jewellery
 o - an amulet of conservation (around neck)
 t - an uncursed ring of magical power
 w - a +2 ring of intelligence (left hand)
Potions
 l - a potion of restore abilities
 m - a potion of curing


   Skills:
 + Level 6.2(5.7) Fighting
 + Level 5.4(4.9) Polearms
 + Level 6.6(6.1) Armour
 + Level 5.9(5.4) Shields
 - Level 0.2(0.0) Evocations


You had 7 spell levels left.
You didn't know any spells.

Dungeon Overview and Level Annotations

Branches:
Dungeon (6/16)
 Temple: D:4-7

Altars:
Fedhas
Makhleb
Vehumet


Innate Abilities, Weirdness & Mutations

You have stony skin.
Your flesh is almost immune to the effects of heat.
Your fire spells are more powerful.
Your flesh is vulnerable to cold.
Your heat harms attackers.
You bathe your surroundings in blazing heat.
You are too hot to use scrolls.
You are very good at protecting items from fire.
You can tolerate rotten meat.
Your flesh is heat resistant.


Message History

You hit the wight.
The wight is severely damaged.
You block the wight's attack.
You closely miss the wight.
The wight is severely damaged.
You block the wight's attack.
An adder comes into view.
You hit the wight.
The wight is almost destroyed.
You block the wight's attack.
You hit the wight.
You destroy the wight!
Beogh accepts your kill.
You have reached level 8!
The intensity of your heat diminishes.
A ballistomycete grows in the wake of the spore.
The giant spore explodes!
The explosion of spores engulfs you!
You are confused.
You die...

###.#.#.....#.#
#####.....#.......##
#...........>........
#.###.##.##..#.#..##
#<##.....# ########.#
#.# #.# #@# #)# #f#
..# ##S# #.# #.# ..%
...


You could see an adder (wandering).

Vanquished Creatures
  Grinder (D:3)
  The ghost of Psiweapon the Insei, an average GrMo (D:4)
  An ogre (D:4)
  A giant frog (D:6)
  5 wights (D:6)
  A hound (D:5)
  Crazy Yiuf (D:3)
  An orc wizard (D:3)
  An iguana (D:5)
  5 adders
  4 gnolls (D:3)
  2 worms
  A giant eyeball (D:5)
  2 giant geckos
  3 orcs (D:3)
  10 hobgoblins
  7 jackals
  4 quokkas
  A ball python (D:4)
  12 bats
  4 giant cockroaches
  A giant gecko zombie (D:5)
  6 goblins
  A hobgoblin skeleton (D:4)
  4 kobolds
  15 rats
  A rat skeleton (D:4)
96 creatures vanquished.

Notes
Turn   | Place    | Note
--------------------------------------------------------------
     0 | D:1      | Mitsuki, the Lava Orc Fighter, began the quest for the Orb.
     0 | D:1      | Reached XP level 1. HP: 19/19 MP: 1/1
   538 | D:1      | Reached XP level 2. HP: 27/27 MP: 2/2
  1003 | D:2      | Reached skill level 4 in Fighting
  1032 | D:2      | Reached XP level 3. HP: 33/33 MP: 3/3
  1429 | D:3      | Noticed Grinder
  1443 | D:3      | Killed Grinder
  1443 | D:3      | Reached skill level 5 in Fighting
  1443 | D:3      | Reached skill level 5 in Armour
  1443 | D:3      | Reached XP level 4. HP: 11/42 MP: 4/4
  1443 | D:3      | Reached XP level 5. HP: 12/48 MP: 5/5
  1443 | D:3      | Reached XP level 6. HP: 14/56 MP: 6/6
  1754 | D:3      | Noticed Crazy Yiuf
  1760 | D:3      | Killed Crazy Yiuf
  1864 | D:3      | Paralysed by a potion of paralysis for 6 turns
  1870 | D:3      | Gained mutation: Your flesh is heat resistant. [potion of beneficial mutation]
  2438 | D:4      | Found a blossoming altar of Fedhas.
  2516 | D:4      | Noticed Psiweapon's ghost (average GrMo)
  2533 | D:4      | Killed Psiweapon's ghost
  2533 | D:4      | Reached skill level 5 in Shields
  2533 | D:4      | Reached XP level 7. HP: 35/61 MP: 7/7
  2730 | D:4      | Became a worshipper of Beogh the Brigand
  2906 | D:4      | Reached skill level 6 in Armour
  3190 | D:4      | Found a radiant altar of Vehumet.
  3391 | D:5      | Entered Level 5 of the Dungeon
  3393 | D:5      | Found a burning altar of Makhleb.
  3524 | D:5      | Paralysed by a giant eyeball for 3 turns
  3766 | D:5      | Found a blossoming altar of Fedhas.
  4153 | D:6      | Reached skill level 5 in Polearms
  4158 | D:6      | Acquired Beogh's first power
  4183 | D:6      | Reached XP level 8. HP: 6/70 MP: 8/8
  4183 | D:6      | Killed by an exploding giant spore

Action                   |  1- 3 |  4- 6 |  7- 9 || total
-------------------------+-------+-------+-------++-------
Melee: Trident           |    97 |    89 |   150 ||   336
Invok: Convert to Beogh  |       |       |     1 ||     1
Evoke: Wand              |       |     1 |       ||     1
  Use: Scroll            |     1 |     7 |     7 ||    15
       Potion            |       |     7 |     1 ||     8
 Stab: Invisible         |       |     1 |     1 ||     2
